 Dungeon Sprint DCSS version 0.26-a0-753-g4680b4fa2e (webtiles) character file.

Game seed: 1868181032411456829

874 Riddle the Protected (level 8, -1/57 HPs)
             Began as a Gargoyle Fighter on Nov 7, 2020.
             Slain by a sun demon (16 damage)
             ... summoned by a kobold demonologist
             ... while paralysed by a floating eye
             ... in the Dungeon (Sprint I: "Red Sonja").
             The game lasted 00:02:27 (818 turns).

Riddle the Protected (Gargoyle Fighter)              Turns: 818, Time: 00:02:28

Health: -1/57      AC: 15    Str: 23    XL:     8   Next: 4%
Magic:  8/8        EV:  2    Int:  8    God:
Gold:   405        SH:  0    Dex:  9    Spells: 7/7 levels left

rFire    . . .     SeeInvis .   a - +0 flail
rCold    . . .     Faith    .   c - +0 kite shield
rNeg     + . .     Spirit   .   b - +0 scale mail
rPois    ∞         Reflect  .   (no helmet)
rElec    +         Harm     .   (no cloak)
rCorr    .         Rampage  .   (no gloves)
MR       .....     NoTele   +   k - +0 pair of boots
Stlth    ..........             (no amulet)
HPRegen  0.19/turn              (no ring)
MPRegen  0.11/turn              (no ring)

@: paralysed
A: negative energy resistance 1, electricity resistance, unbreathing,
petrification resistance, rot immunity, AC +5
a: no special abilities


You were in the Dungeon.
You visited 1 branch You collected 405 gold pieces.

Inventory:

Hand Weapons
 a - a +0 flail (weapon)
Armour
 b - a +0 scale mail (worn)
 c - a +0 kite shield (worn)
 k - a +0 pair of boots (worn)
Scrolls
 j - a scroll of blinking
 l - a scroll of identify {unknown}
Potions
 d - a potion of might
 e - a potion of curing
 f - a potion of heal wounds
 g - a potion of haste
 h - 2 potions of magic
 i - a potion of berserk rage


   Skills:
 + Level 9.7 Fighting
 + Level 9.1 Maces & Flails
 + Level 9.8 Armour
 + Level 1.6 Dodging
 + Level 9.5 Shields


You had 7 spell levels left.
You didn't know any spells.
Your spell library was empty.

Dungeon Overview and Level Annotations

Branches:
Dungeon (1/1)

Altars:
Cheibriados
Dithmenos
Elyvilon
Fedhas
Gozag
Hepliaklqana
Kikubaaqudgha
Makhleb
Nemelex Xobeh
Okawaru
Qazlal
Ru
Sif Muna
Trog
Uskayaw
Vehumet
Wu Jian
Xom
Yredelemnul
Zin
The Shining One
Jiyva
Lugonu

Shops:
D !


Innate Abilities, Weirdness & Mutations

You are resistant to torment.
Your stone body is resilient. (AC +5)
You are immune to poison.
You resist negative energy. (rN+)
You are resistant to electric shocks. (rElec)
You can survive without breathing.
You are immune to petrification.
You are immune to rotting.


Message History

Unknown command.
You hit the kobold demonologist.
The kobold demonologist is severely wounded.
The shadow imp disappears in a puff of smoke!
The white imp disappears in a puff of smoke!
You block the shadow imp's attack. You block the iron imp's attack.
You block the kobold demonologist's attack.
You thump the kobold demonologist!
The kobold demonologist is almost dead.
The shadow imp hits you but does no damage.
The iron imp hits you.
The floating eye gazes piercingly through you!
You suddenly lose the ability to move!
The kobold demonologist casts a spell.
The white imp hits you. The white imp freezes you.
The shadow imp hits you but does no damage.
The sun demon hits you!!
* * * LOW HITPOINT WARNING * * *
You are engulfed in flames!
You die...

#########################
#<.#..'.5#35'..#__#.5'K..
#..'))#55KG5#..'.K3.5#
#..#####@#####'#__####
#..####53#...#.####
#..#__####..##.#
#..#_____##'#_.+
#⌠⌠#_.∩...†..._#
####_..__##_.#+#
#_____###+# #######


You could see a sun demon (summoned), a kobold demonologist, a neqoxec
(summoned), a floating eye, an iron imp (summoned), 2 quasits, a white imp
(summoned), a shadow imp (summoned) and an ufetubus (summoned).

Vanquished Creatures
  A kobold demonologist (D)
  A slime creature (D)
  Sigmund (D)
  A yak (D)
  An ogre (D)
  A jelly (D)
  Ijyb (D)
7 creatures vanquished.

Notes
Turn   | Place    | Note
-------+----------+-------------------------------------------
     0 | D        | Riddle the Gargoyle Fighter began the quest for the Orb.
     0 | D        | Reached XP level 1. HP: 14/14 MP: 1/1
     1 | D        | Noticed Ijyb
    15 | D        | Killed Ijyb
    15 | D        | Reached XP level 2. HP: 20/20 MP: 2/2
    15 | D        | Reached XP level 3. HP: 24/24 MP: 3/3
    18 | D        | Noticed an ogre
    22 | D        | Killed an ogre
    22 | D        | Reached XP level 4. HP: 32/32 MP: 4/4
    32 | D        | Noticed Sigmund
    84 | D        | Killed Sigmund
    84 | D        | Reached skill level 5 in Maces & Flails
    84 | D        | Reached XP level 5. HP: 21/39 MP: 5/5
    84 | D        | Reached XP level 6. HP: 24/44 MP: 6/6
   245 | D        | Found a shimmering blue altar of Sif Muna.
   246 | D        | Found an ornate altar of the Wu Jian Council.
   249 | D        | Found a radiant altar of Vehumet.
   264 | D        | Found Cayhuzy's Distillery.
   264 | D        | Found an ancient bone altar of Kikubaaqudgha.
   264 | D        | Found a hazy altar of Hepliaklqana.
   264 | D        | Found a stormy altar of Qazlal.
   264 | D        | Found a hide-covered altar of Uskayaw.
   264 | D        | Found a blossoming altar of Fedhas.
   264 | D        | Found a bloodstained altar of Trog.
   264 | D        | Found an iron altar of Okawaru.
   264 | D        | Found a basalt altar of Yredelemnul.
   264 | D        | Found a glowing golden altar of the Shining One.
   264 | D        | Found a snail-covered altar of Cheibriados.
   264 | D        | Found a sacrificial altar of Ru.
   264 | D        | Found a glowing silver altar of Zin.
   264 | D        | Found a shadowy altar of Dithmenos.
   264 | D        | Found a white marble altar of Elyvilon.
   264 | D        | Noticed a yak
   270 | D        | Killed a yak
   270 | D        | Reached skill level 1 in Dodging
   271 | D        | Found an opulent altar of Gozag.
   440 | D        | Found a sparkling altar of Nemelex Xobeh.
   483 | D        | Found a burning altar of Makhleb.
   483 | D        | Found a viscous altar of Jiyva.
   483 | D        | Found a shimmering altar of Xom.
   483 | D        | Found a corrupted altar of Lugonu.
   483 | D        | Noticed a slime creature
   516 | D        | Killed a slime creature
   516 | D        | Reached XP level 7. HP: 10/51 MP: 7/7
   774 | D        | Noticed a kobold demonologist
   777 | D        | Noticed a kobold demonologist
   781 | D        | Noticed a ynoxinul
   802 | D        | Killed a kobold demonologist
   802 | D        | Reached XP level 8. HP: 57/57 MP: 8/8
   804 | D        | Paralysed by a floating eye for 2 turns
   817 | D        | Paralysed by a floating eye for 4 turns
   818 | D        | Noticed a sun demon
   818 | D        | Slain by a sun demon

Illustrated notes

Levels and vault maps discovered:
D:        dungeon_sprint_1 [red_sonja_temple_1, red_sonja_temple_small_1]

Skill      XL: |  1  2  3  4  5  6  7 |
---------------+----------------------+-----
Fighting       | 4 6 7 9 |  9.7
Armour         | 4 6 7 9 |  9.8
Shields        | 4 6 7 9 |  9.5
Maces & Flails | 4 5 7 9 |  9.1
Dodging        | 1 |  1.6

Action                   |  1- 3 |  4- 6 |  7- 9 || total
-------------------------+-------+-------+-------++-------
Melee: Flail             |    16 |    39 |    24 ||    79
Armor: Scale mail        |    10 |    14 |    21 ||    45
Dodge: Dodged            |       |     5 |     8 ||    13
Block: Kite shield       |     7 |    14 |    17 ||    38

Table legend: (Time is in decaauts)
 A = Elapsed time spent in this place.
 B = Non-inter-level travel time spent in this place.
 C = Inter-level travel time spent in this place.
 D = Time resting spent in this place.
 E = Time spent auto-exploring this place.
 F = Levels seen in this place.
 G = Mean time per level.
                   A        B        C        D        E       F      G
               +--------+--------+--------+--------+--------+-----+--------+
         Total |    830 |    830 |      0 |    557 |      0 |   1 |  830.0 |
       Dungeon |    830 |    830 |      0 |    557 |      0 |   1 |  830.0 |
               +--------+--------+--------+--------+--------+-----+--------+

Top non-repeatable levels by time:
       D: 830 daAuts
